Map: Заснеженное плато

Players

NuttyBunny

  • Race: Protoss Protoss
  • League: Diamond
  • Spawn Location: 12:00

MrPashaabel

  • Race: Protoss Protoss
  • League: Gold
  • Spawn Location: 12:00

IIIIIIIIIIII - Winner!

  • Race: Protoss Protoss
  • Spawn Location: 6:00

Adnap - Winner!

  • Race: Terran Terran
  • League: Grandmaster
  • Spawn Location: 6:00

VOD

Have the link to the VOD?

Description

Time

  • Played on: Dec. 4, 2017, 8:13 p.m.
  • Length: 7:22
Show
View Real Time Build Order
Export as new Build Order

NuttyBunny Protoss 

Build Orders:  

Get SALT Encoding   

  12  0:01  Probe  
  13  0:13  Probe  
  14  0:18  Pylon  
  14  0:25  Probe  
  15  0:37  Gateway, Probe (Chrono Boost)  
  16  0:49  Probe (Chrono Boost)  
  17  0:51  Assimilator, Probe  
  17  0:56  Assimilator  
  18  1:03  Probe (Chrono Boost)  
  19  1:06  Pylon  
  19  1:15  Probe (Chrono Boost)  
  20  1:20  Probe  
  21  1:27  Cybernetics Core  
  21  1:42  Probe  
  22  1:49  Gateway  
  22  1:54  Probe  
  22  2:00  Pylon  
  23  2:03  Warp Gate  
  23  2:08  Stargate  
  22  2:19  Stalker (Chrono Boost)  
  24  2:27  Gateway  
  22  2:46  Probe  
  23  2:53  Void Ray (Chrono Boost)  
  23  2:58  Probe  
  28  2:59  Stalker  
  30  3:07  Stalker  
  36  3:35  Pylon, Probe  
  36  3:36  Void Ray (Chrono Boost)  
  37  4:09  Stalker, Void Ray (Chrono Boost)  
  43  4:16  Pylon  
  43  4:24  Stalker  
  43  4:25  Stalker  
  47  4:34  Stalker  
  49  4:43  Pylon  
  49  4:57  Stalker x2  
  53  5:05  Pylon  
  53  5:10  Stalker  
  55  5:20  Stalker  
  57  5:27  Stalker  
  9  6:14  Stalker x2  
Show
View Real Time Build Order
Export as new Build Order

MrPashaabel Protoss 

Build Orders: 1 Gate Expand 

Get SALT Encoding   

  12  0:01  Probe  
  13  0:13  Probe  
  14  0:20  Pylon  
  14  0:25  Probe  
  15  0:38  Probe  
  15  0:41  Gateway  
  16  0:50  Probe  
  16  0:53  Assimilator  
  17  1:02  Probe  
  18  1:14  Probe  
  19  1:25  Nexus  
  19  1:30  Probe  
  20  1:42  Cybernetics Core  
  20  1:52  Pylon  
  20  2:19  Assimilator  
  20  2:22  Probe  
  21  2:24  Gateway  
  21  2:26  Gateway  
  21  2:31  Adept (Chrono Boost)  
  21  2:35  Warp Gate (Chrono Boost)  
  23  2:50  Probe x2  
  25  3:02  Probe x2  
  25  3:03  Robotics Facility  
  27  3:07  Pylon  
  27  3:09  Twilight Council  
  27  3:27  Probe x2  
  27  3:33  Adept  
  31  3:35  Sentry  
  31  3:39  Probe x2  
  35  3:46  Pylon  
  35  3:48  Resonating Glaives (Chrono Boost)  
  35  3:51  Probe x2  
  37  3:59  Observer  
  38  4:05  Probe  
  38  4:06  Probe  
  40  4:14  Assimilator  
  40  4:17  Assimilator, Probe  
  40  4:18  Probe  
  40  4:23  Immortal  
  46  4:29  Adept  
  46  4:30  Adept  
  50  4:32  Adept  
  52  4:48  Probe x2  
  54  4:58  Stalker  
  54  4:59  Stalker  
  58  5:00  Stalker, Probe x2  
  58  5:06  Gateway  
  62  5:08  Gateway  
  62  5:28  Observer  
  54  6:09  Observer  
  51  6:23  Stalker  
  44  6:55  Nexus  
Show
View Real Time Build Order
Export as new Build Order

IIIIIIIIIIII Protoss - Winner!

Build Orders: Dark Templar Rush 

Get SALT Encoding   

  12  0:02  Probe  
  14  0:14  Probe  
  14  0:26  Probe  
  15  0:39  Pylon  
  15  0:57  Probe  
  15  1:02  Gateway  
  16  1:06  Assimilator  
  16  1:10  Probe (Chrono Boost)  
  17  1:12  Assimilator  
  18  1:18  Pylon  
  18  1:19  Probe (Chrono Boost)  
  18  1:24  Probe  
  19  1:36  Probe (Chrono Boost)  
  21  1:48  Probe (Chrono Boost)  
  21  1:50  Probe  
  22  1:55  Cybernetics Core  
  22  2:02  Probe  
  23  2:14  Probe  
  24  2:26  Probe  
  24  2:29  Warp Gate  
  25  2:31  Pylon  
  25  2:34  Twilight Council  
  25  2:38  Probe  
  26  2:50  Probe  
  27  3:03  Robotics Facility  
  27  3:13  Gateway  
  27  3:15  Gateway  
  27  3:17  Gateway  
  27  3:28  Dark Shrine  
  27  3:49  Charge (Chrono Boost)  
  27  3:53  Warp Prism (Chrono Boost)  
  29  4:12  Zealot x4  
  37  4:18  Pylon  
  37  4:55  Observer  
  38  5:14  Nexus  
  38  5:23  Dark Templar x4  
  46  6:05  Pylon  
  46  6:07  Pylon  
  46  6:09  Pylon  
  45  6:28  Dark Templar x4  
  45  7:01  Zealot  
  45  7:02  Zealot x3  
Show
View Real Time Build Order
Export as new Build Order

Adnap Terran - Winner!

Build Orders: Reaper Expand, MMM Bio 

Get SALT Encoding   

  12  0:00  SCV  
  13  0:13  SCV  
  14  0:18  Supply Depot  
  14  0:25  SCV  
  15  0:39  SCV  
  15  0:41  Barracks  
  16  0:46  Refinery  
  16  0:51  SCV  
  17  1:04  SCV  
  18  1:16  SCV  
  19  1:29  Reaper  
  19  1:30  Orbital Command  
  20  1:42  Command Center  
  20  1:48  Supply Depot  
  20  1:58  SCV  
  21  2:02  Barracks Reactor  
  21  2:10  SCV  
  21  2:11  Barracks  
  21  2:15  Barracks  
  22  2:22  SCV  
  23  2:25  Engineering Bay  
  23  2:34  SCV  
  24  2:42  Marine  
  24  2:43  Marine  
  26  2:46  SCV  
  26  2:47  Refinery  
  27  2:55  Orbital Command  
  27  2:58  Missile Turret  
  27  2:59  SCV  
  27  3:04  Missile Turret  
  28  3:11  Barracks Tech Lab, Barracks Reactor  
  28  3:13  SCV  
  28  3:19  Marine x2  
  31  3:26  SCV x2  
  32  3:31  Stimpack  
  32  3:37  Marine  
  32  3:38  SCV x2  
  35  3:42  Marine x2  
  37  3:50  Factory  
  37  3:52  SCV  
  38  3:56  SCV  
  38  4:00  Marine x3  
  38  4:01  Marine x2  
  44  4:07  Supply Depot  
  44  4:13  SCV x2  
  46  4:17  Supply Depot  
  46  4:21  Engineering Bay  
  46  4:24  Refinery  
  46  4:29  Marine x4, SCV x2  
  53  4:37  Starport, Factory Reactor  
  52  4:41  SCV x2  
  54  4:53  SCV x2  
  54  4:55  Supply Depot  
  54  4:56  Terran Infantry Armor Level 1, Terran Infantry Weapons Level 1  
  56  5:05  SCV x2  
  58  5:11  Barracks  
  58  5:12  Barracks  
  58  5:15  Refinery  
  58  5:17  SCV x2  
  60  5:21  Medivac  
  60  5:22  Medivac  
  64  5:29  Marine x2  
  64  5:30  Marine x2, Bunker  
  64  5:31  Marine  
  64  5:33  SCV  
  70  5:41  SCV  
  69  5:49  Marine x2  
  55  5:50  Marine x3  
  46  5:57  Combat Shields  
  43  6:07  Marine  
  38  6:12  Marine  
  38  6:14  Marine  
  32  6:19  Marine  
  32  6:20  Orbital Command  
  32  6:22  Marine x2  
  32  6:25  Marine  
  34  6:30  Reaper, Supply Depot  
  35  6:35  Marine  
  35  6:38  Marine  
  37  6:42  Marine  
  37  6:46  Marine  
  38  6:55  Marine x2  
  38  6:56  Marine  
  38  6:59  Marine  
  39  7:02  Marine  
Tags
 
Add a new tag
Caveats
  • Supply blocks, unpowered buildings, or Contaminate may cause inaccurate times.
  • Supply counts are checked every 10 seconds.